 Dungeon Crawl Stone Soup version 0.30-a0-42-g806c11bf1d (webtiles) character file.

Game seed: 3957296064619161306

191 Nattfarinn the Grave Robber (level 5, -16/35 HPs)
             Began as a Demonspawn Necromancer on Aug 30, 2022.
             Demolished by an ogre
             ... wielding a +0 giant club
              (18 damage)
             ... on level 4 of the Dungeon.
             The game lasted 00:05:16 (2833 turns).

Nattfarinn the Grave Robber (DsNe)                  Turns: 2833, Time: 00:05:17

Health: -16/35     AC:  2    Str: 10    XL:     5   Next: 41%
Magic:  0/19       EV: 12    Int: 17    God:
Gold:   156        SH:  0    Dex: 13    Spells: 7/11 levels left

rFire   . . .      SeeInvis .    (no weapon)
rCold   . . .      Faith    .    (no shield)
rNeg    . . .      Spirit   +    a - +0 robe
rPois   .          Reflect  .    (no helmet)
rElec   .          Harm     .    (no cloak)
rCorr   .          Rampage  .    (no gloves)
Will    .....                    (no boots)
Stlth   ++........               i - amulet of the acrobat
HPRegen 0.11/turn                j - ring of magical power
MPRegen 0.32/turn                (no ring)

@: no status effects
A: hooves 2, magic shield, magic regeneration
a: no special abilities


You were on level 4 of the Dungeon.
You visited 1 branch of the dungeon, and saw 4 of its levels.

You collected 156 gold pieces.

Inventory:

Hand Weapons
 o - a +2 short sword of holy wrath
Armour
 a - a +0 robe (worn)
Jewellery
 i - an amulet of the acrobat (around neck)
 j - a ring of magical power (left hand)
Scrolls
 c - 2 scrolls of identify
 e - 2 scrolls of enchant weapon
 f - a scroll of magic mapping {unknown}
 g - 3 scrolls of enchant armour {unknown}
 h - a scroll of fear {unknown}
 k - a scroll of blinking {unknown}
 l - 3 scrolls of teleportation {unknown}
 n - a scroll of amnesia {unknown}
Potions
 b - a potion of magic
 d - a potion of heal wounds {unknown}
 m - a potion of cancellation {unknown}
 p - a potion of mutation {unknown}
 q - a potion of might {unknown}
 r - a potion of attraction {unknown}


   Skills:
 - Level 1.7 Dodging
 - Level 1.7 Stealth
 + Level 3.9 Spellcasting
 + Level 6.1 Necromancy


You had 7 spell levels left.
You knew the following spells:

 Your Spells              Type           Power      Damage    Failure   Level
a - Necrotise             Necr           96%        1d8       1%          1
b - Vampiric Draining     Necr           24%        2d7       3%          3

Your spell library contained the following spells:

 Spells                   Type           Power      Damage    Failure   Level
 Animate Dead             Necr           24%        N/A       13%         4
 Agony                    Necr           24%        N/A       34%         5


Dungeon Overview and Level Annotations

Branches:
Dungeon (4/15)
 Temple: D:4-7

Altars:
Gozag


Innate Abilities, Weirdness & Mutations

You have hoof-like feet.
When hurt, damage is shared between your health and your magic reserves.
You regenerate magic rapidly.


Message History

Your ball python skeleton barely misses the ogre.
Your ball python skeleton bites the ogre.
The ogre hits your ball python skeleton with a +0 giant club!!!
Your ball python skeleton is destroyed!
The orc writhes in agony.
The orc writhes in agony.
The orc hits you with a +0 whip.
Unknown command.
The orc writhes in agony!
You kill the orc!
The dead are walking!
You hit the ogre. You kick the ogre.
The ogre is moderately wounded.
The ogre hits you with a +0 giant club!!
Casting: Necrotise (safe; 1% risk of failure)
Confirm with . or Enter, or press ? or * to list all spells.
Aiming: Vampiric Draining (dangerous; 3% risk of failure)
Press: ? - help, Shift-Dir - straight line, f - ogre
Aim: an ogre, wielding a +0 giant club (moderately wounded, ally target)
You draw life force from the ogre.
You feel life coursing into your body.
Your orc skeleton hits the ogre.
Casting: Vampiric Draining (dangerous; 3% risk of failure)
Confirm with . or Enter, or press ? or * to list all spells.
Aiming: Vampiric Draining (dangerous; 3% risk of failure)
Press: ? - help, Shift-Dir - straight line, f/p - ogre
Aim: an ogre, wielding a +0 giant club (heavily wounded, ally target)
You draw life force from the ogre.
You feel life coursing into your body.
The ogre hits you with a +0 giant club!!
Ouch! That really hurt!
* * * LOW HITPOINT WARNING * * *
Your orc skeleton barely misses the ogre.
Unknown command.
Casting: Vampiric Draining (dangerous; 3% risk of failure)
Confirm with . or Enter, or press ? or * to list all spells.
Okay, then.
As you read the scroll labelled HUSTRI GOSKY, it crumbles to dust.
It is a scroll of identify.
e - 2 scrolls of enchant weapon The ogre hits you with a +0 giant club!!
Ouch! That really hurt!
You die...

##...########..+
#.#..##.##.##.##
##.#...........#
.##..>.##......#
..##......###..#
...##..##.##...#
.o..##.#..#....#
.....###.Z....##
...O..##.)O@.##
.≈.≈..'..####.#
...§..#### ...
..... .#..# ....
.#.... ... ...
.. . .


You could see an ogre (ally target) and a friendly orc skeleton.

Vanquished Creatures
  2 orc wizards (D:3)
  3 gnolls
  3 adders
  3 orcs
  7 ball pythons
  7 endoplasms
  4 giant cockroaches
  10 hobgoblins
  3 jackals (D:2)
  3 quokkas
  6 bats
  4 frilled lizards
  5 goblins
  3 kobolds
  6 rats
69 creatures vanquished.

Vanquished Creatures (collateral kills)
  A gnoll (D:2)
  An endoplasm (D:1)
  A goblin (D:2)
3 creatures vanquished.

Grand Total: 72 creatures vanquished

Notes
Turn   | Place    | Note
-------+----------+-------------------------------------------
     0 | D:1      | Nattfarinn the Demonspawn Necromancer began the quest for
                  | the Orb.
     0 | D:1      | Reached XP level 1. HP: 13/13 MP: 3/3
    99 | D:1      | Gained mutation: You regenerate magic rapidly. [demonic
                  | ancestry]
    99 | D:1      | Reached XP level 2. HP: 13/19 MP: 0/5
   426 | D:1      | Reached skill level 5 in Necromancy
   426 | D:1      | Gained mutation: When hurt, damage is shared between your
                  | health and your magic reserves. [demonic ancestry]
   426 | D:1      | Reached XP level 3. HP: 21/24 MP: 0/7
   843 | D:2      | Found a faded altar of an unknown god.
  1017 | D:2      | Gained mutation: You have large cloven feet. [demonic
                  | ancestry]
  1017 | D:2      | Reached XP level 4. HP: 26/30 MP: 1/8
  2048 | D:3      | Gained mutation: You have hoof-like feet. [demonic
                  | ancestry]
  2048 | D:3      | Reached XP level 5. HP: 32/35 MP: 10/10
  2067 | D:3      | Reached skill level 6 in Necromancy
  2277 | D:3      | Learned a level 3 spell: Vampiric Draining
  2388 | D:3      | Found an opulent altar of Gozag.
  2815 | D:4      | Noticed an ogre
  2833 | D:4      | Demolished by an ogre

Illustrated notes

Levels and vault maps discovered:
D:1:      roderic_chinese_lattice_arrival, layout_basic, minmay_tromino_v7
D:2:      layout_rooms, ebering_ecumenical_altar_webs, grunt_decor_one_mirror,
          minmay_misc_feat_square, nicolae_eternal_life
D:3:      layout_loops_corners, mainiacjoe_overflow_surrounded_room
D:4:      layout_cave_pools, nicolae_vehumet_radiance, kennysheep_diamond,
          kennysheep_crisscross, kennysheep_dice

Skill      XL: |  1  2  3  4  5 |
---------------+----------------+-----
Necromancy     | 5 6 |  6.1
Spellcasting   | 3 |  3.9
Dodging        | |  1.7
Stealth        | |  1.7

Action                   |  1- 3 |  4- 6 || total
-------------------------+-------+-------++-------
Melee: Unarmed           |     3 |     5 ||     8
       Punch             |     1 |       ||     1
       Kick              |       |     1 ||     1
 Cast: Necrotise         |    69 |    65 ||   134
       Vampiric Draining |       |     2 ||     2
  Use: Scroll            |       |     1 ||     1
Armor: Robe              |     3 |     3 ||     6
Dodge: Dodged            |    13 |    10 ||    23

Table legend: (Time is in decaauts)
 A = Elapsed time spent in this place.
 B = Non-inter-level travel time spent in this place.
 C = Inter-level travel time spent in this place.
 D = Time resting spent in this place.
 E = Time spent auto-exploring this place.
 F = Levels seen in this place.
 G = Mean time per level.
                   A        B        C        D        E       F      G
               +--------+--------+--------+--------+--------+-----+--------+
         Total |   2831 |   2757 |     74 |    250 |   2127 |   4 |  707.8 |
       Dungeon |   2831 |   2757 |     74 |    250 |   2127 |   4 |  707.8 |
               +--------+--------+--------+--------+--------+-----+--------+

Top non-repeatable levels by time:
     D:3: 1189 daAuts
     D:1: 810 daAuts
     D:2: 745 daAuts
     D:4: 86 daAuts
